 Dungeon Crawl Stone Soup version 0.31-a0-466-g98c9adc2b6 (webtiles) character file.

Game seed: 11091400131587187558

79 MisterAzrael the Ruffian (level 4, -2/35 HPs)
             Began as a Draconian Shapeshifter on Aug 6, 2023.
             Slain by an orc
             ... wielding a +1 whip of flaming
              (5 damage)
             ... on level 3 of the Dungeon.
             The game lasted 00:01:58 (1364 turns).

MisterAzrael the Ruffian (Draconian Shapeshifter)   Turns: 1364, Time: 00:01:59

Health: -2/35      AC:  5    Str: 19    XL:     4   Next: 17%
Magic:  4/4        EV: 12    Int:  8    God:
Gold:   120        SH:  0    Dex: 12    Spells: 3/3 levels left

rFire   . .          .
                       - Unarmed
rCold   . . .        (no shield)
rNeg    . . .        (body armour unavailable)
rPois   .            (helmet currently unavailable)
rElec   .            (cloak currently unavailable)
rCorr   .            (gloves currently unavailable)
SInv    .            (boots currently unavailable)
Will    .....        (no amulet)
Stlth   +            (no ring)
HPRegen 0.25/turn    (no ring)
MPRegen 0.09/turn

%: no passive effects
@: confused, beast-form
A: beast (slay +2), AC +5, unfitting armour, cold-blooded
a: Begin Untransformation


You were on level 3 of the Dungeon.
You were a hulking beast.
You visited 1 branch of the dungeon, and saw 3 of its levels.

You collected 120 gold pieces.

Inventory:

Armour
 d - a +1 pair of gloves
Jewellery
 i - a ring of magical power
Talismans
 b - a beast talisman (active)
Scrolls
 g - a scroll of enchant weapon {unknown}
 h - 3 scrolls of identify {unknown}
Potions
 a - a potion of lignification
 c - a potion of degeneration {unknown}
 e - a potion of heal wounds {unknown}
 f - a potion of cancellation {unknown}
 j - a potion of curing {unknown}


   Skills:
 - Level 1.1 Fighting
 - Level 1.7 Dodging
 + Level 4.1 Unarmed Combat
 + Level 3.8 Shapeshifting


You had 3 spell levels left.
You didn't know any spells.
Your spell library was empty.

Dungeon Overview and Level Annotations

Branches:
Dungeon (3/15)

Altars:
Gozag
Kikubaaqudgha

Annotations:
D:3 1 runed translucent door, hgbash's ghost, amateur GrEE


Innate Abilities, Weirdness & Mutations

You are a hulking beast.
Your limbs bulge with bestial killing power. (Slay +2)
Your plain brown scales are hard. (AC +5)
You cannot fit into any form of body armour.
You are cold-blooded and may be slowed by cold attacks.


Message History

You kill the orc!
You closely miss the orc. The orc hits you but does no damage.
You punch the orc!
You kill the orc!
You hit the orc.
The orc is severely wounded.
You closely miss the orc wizard.
The orc wizard is almost dead.
You hit the orc wizard but do no damage.
The orc wizard is almost dead.
The orc wizard hits you with a +0 dagger.
You completely miss the orc wizard.
The orc wizard is almost dead.
The orc wizard gestures at you while chanting.
The magic dart hits you.
* * * LOW HITPOINT WARNING * * *
You barely miss the orc wizard.
The orc wizard is almost dead.
You barely miss the orc wizard.
The orc wizard is almost dead.
The orc wizard hits you but does no damage.
You closely miss the orc wizard.
The orc wizard is severely wounded.
The orc wizard points at you and mumbles some strange words.
You are confused.
You bump into the rock wall.
The orc wizard hits you but does no damage.
The orc wizard casts a spell at you. The puff of flame hits you.
* * * LOW HITPOINT WARNING * * *
The orc wizard hits you but does no damage.
You hit the orc wizard.
You kill the orc wizard!
Your Unarmed Combat skill increases to level 4!
You have reached level 4!
You feel agile.
You barely miss the orc.
The orc is heavily wounded.
The orc hits you with a +1 whip of flaming.
You die...

......# ###......#
..#......# ...
#.#......# #..#
#.#......# ..#
#........#
..#######.)...#
#.#....ho.....#
#.#.######....#
#.#.........#....#
#..########.# ....
##########........#
.# #.#
#8..#..............
.. #
#_...........>.....
.#.
#8..#..............
.#.
#####..............


You could see an orc.

Vanquished Creatures
  An orc wizard (D:3)
  An adder (D:2)
  A worm (D:3)
  3 orcs (D:3)
  2 bats (D:2)
  9 endoplasms
  A giant cockroach (D:1)
  7 hobgoblins
  A ball python (D:1)
  4 frilled lizards
  2 goblins
  3 kobolds
  3 rats
38 creatures vanquished.

Notes
Turn   | Place    | Note
-------+----------+-------------------------------------------
     0 | D:1      | MisterAzrael the Draconian Shapeshifter began the quest for
                  | the Orb.
     0 | D:1      | Reached XP level 1. HP: 16/16 MP: 1/1
   293 | D:1      | Reached XP level 2. HP: 23/23 MP: 2/2
   624 | D:2      | Found an ancient bone altar of Kikubaaqudgha.
   823 | D:2      | Reached XP level 3. HP: 28/28 MP: 3/3
  1257 | D:3      | Found a runed translucent door.
  1271 | D:3      | Noticed a bullfrog
  1274 | D:3      | Noticed hgbash's ghost (amateur GrEE)
  1302 | D:3      | Found an opulent altar of Gozag.
  1364 | D:3      | Reached skill level 4 in Unarmed Combat
  1364 | D:3      | Reached XP level 4. HP: 3/35 MP: 4/4
  1364 | D:3      | Slain by an orc

Illustrated notes

Levels and vault maps discovered:
D:1:      eino_arrival_water_star, layout_basic
D:2:      layout_loops_cross, basic_altar, moated_statue
D:3:      layout_basic, grunt_gozag_breadcrumbs, ebering_ghost_sewer_d,
          serial_shops, shop, grunt_decor_one_mirror

Skill      XL: |  1  2  3 |
---------------+----------+-----
Unarmed Combat | 4 |  4.1
Fighting       | |  1.1
Dodging        | |  1.7
Shapeshifting  | |  3.8

Action                     |  1- 3 |  4- 6 || total
---------------------------+-------+-------++-------
  Melee: Unarmed           |    84 |     1 ||    85
         Tailslap          |     9 |       ||     9
         Punch             |     1 |       ||     1
   Stab: Sleeping          |     1 |       ||     1
 Armour: Skin              |    21 |       ||    21
  Dodge: Dodged            |    39 |       ||    39

Table legend: (Time is in decaauts)
 A = Elapsed time spent in this place.
 B = Non-inter-level travel time spent in this place.
 C = Inter-level travel time spent in this place.
 D = Time resting spent in this place.
 E = Time spent auto-exploring this place.
 F = Levels seen in this place.
 G = Mean time per level.
                   A        B        C        D        E       F      G
               +--------+--------+--------+--------+--------+-----+--------+
         Total |   1360 |   1330 |     30 |    144 |    954 |   3 |  453.3 |
       Dungeon |   1360 |   1330 |     30 |    144 |    954 |   3 |  453.3 |
               +--------+--------+--------+--------+--------+-----+--------+

Top non-repeatable levels by time:
     D:2: 820 daAuts
     D:1: 375 daAuts
     D:3: 164 daAuts
